 Dungeon Crawl Stone Soup version 0.24.0-1-gfbc8707 (webtiles) character file.

Game seed: 15346731977945519371, levelgen mode: deterministic

7 Bazzalis the Stinger (level 1, -1/10 HPs)
             Began as a Deep Elf Venom Mage on Nov 6, 2019.
             Slain by a jackal (2 damage)
             ... on level 1 of the Dungeon.
             The game lasted 00:02:25 (93 turns).

Bazzalis the Stinger (Deep Elf Venom Mage)            Turns: 93, Time: 00:02:26

Health: -1/10      AC:  2    Str:  5    XL:     1   Next: 83%
Magic:  0/6        EV: 13    Int: 19    God:
Gold:   0          SH:  0    Dex: 15    Spells: 5/6 levels left

rFire    . . .     SeeInvis .   a - +0 whip
rCold    . . .     Gourm    .   (no shield)
rNeg     . . .     Faith    .   c - +0 robe
rPois    .         Spirit   .   (no helmet)
rElec    .         Reflect  .   (no cloak)
rCorr    .         Harm     .   (no gloves)
MR       .....                  (no boots)
Stlth    ++........             (no amulet)
HPRegen  0.03/turn              (no ring)
MPRegen  0.10/turn              (no ring)

@: very slightly contaminated
A: no striking features
a: no special abilities


You were on level 1 of the Dungeon.
You were not hungry.

You visited 1 branch of the dungeon, and saw 1 of its levels.

Inventory:

Hand Weapons
 a - a +0 whip (weapon)
   (You took it off a kobold on level 1 of the Dungeon)
Armour
 c - a +0 robe (worn)
Potions
 b - 2 potions of curing {unknown}
Comestibles
 e - 2 rations {!d}


   Skills:
 - Level 2.4 Dodging
 + Level 2.6 Stealth
 * Level 3.2 Spellcasting
 + Level 1.2 Conjurations
 * Level 3.4 Poison Magic


You had 5 spell levels left.
You knew the following spells:

 Your Spells              Type           Power        Failure   Level  Hunger
a - Sting                 Conj/Pois      ##..         5%          1    None

Your spell library contained the following spells:

 Spells                   Type           Power        Failure   Level  Hunger
 Poisonous Vapours        Pois/Air       #.....       11%         2    ##.....
 Mephitic Cloud           Conj/Pois/Air  #.......     24%         3    ###....
 Olgreb's Toxic Radiance  Pois           ###.....     34%         4    ####...
 Venom Bolt               Conj/Pois      ##........   83%         5    ######.


Dungeon Overview and Level Annotations

Branches:
Dungeon (1/15)

Altars:


Message History

You miscast Sting.
You are very lightly contaminated with residual magic.
Nothing appears to happen.
The jackal bites you but does no damage.
You don't have enough magic to cast that spell.
You barely miss the jackal. The jackal barely misses you.
The jackal closely misses you.
You barely miss the jackal. The jackal barely misses you.
The jackal bites you but does no damage.
The jackal misses you. The jackal barely misses you. The jackal bites you.
You barely miss the jackal.
The jackal bites you but does no damage. x2
The jackal barely misses you. The jackal bites you.
You hit the jackal. The jackal bites you. The jackal misses you. x2
The jackal closely misses you. x2
The jackal bites you but does no damage.
You hit the jackal.
You kill the jackal!
The jackal barely misses you. x2
The jackal misses you. The jackal bites you.
* * * LOW HITPOINT WARNING * * *
The jackal closely misses you. The jackal misses you.
A jackal comes into view.
The jackal barely misses you.
Aim: a jackal The sting hits the jackal.
The jackal closely misses you.
Aim: a jackal (severely wounded)
You miscast Sting.
Nothing appears to happen.
The jackal bites you but does no damage.
The jackal bites you.
* * * LOW HITPOINT WARNING * * *
You don't have enough magic to cast that spell.
You hit the jackal.
You kill the jackal!
A jackal comes into view.
You completely miss the jackal.
The jackal barks! x2
The jackal bites you.
* * * LOW HITPOINT WARNING * * *
The jackal misses you.
A jackal comes into view.
You closely miss the jackal. The jackal barely misses you.
The jackal barks!
You hit the jackal.
The jackal barely misses you. x2; The jackal bites you.
* * * LOW HITPOINT WARNING * * *
The jackal barely misses you. x2
You closely miss the jackal. The jackal closely misses you.
The jackal barely misses you. The jackal bites you.
You die...

.....## ...### . .# #.(#
.#.# ##. ..## .... ... .##
#..#..# .##########
#h.#..#..
..........######..........
###...........##hh........
#...........##@##.....#
#...........##h##.....# #
###...................#..
###.......†..##.)......
#.#.##...............
#.#..................
#.#........##........
.....................
................###..


You could see 4 jackals.

Vanquished Creatures
  2 goblins (D:1)
  2 jackals (D:1)
  A kobold (D:1)
  A rat (D:1)
6 creatures vanquished.

Notes
Turn   | Place    | Note
-------+----------+-------------------------------------------
     0 | D:1      | Bazzalis the Deep Elf Venom Mage began the quest for the
                  | Orb.
     0 | D:1      | Reached XP level 1. HP: 10/10 MP: 6/6
    93 | D:1      | Slain by a jackal

Levels and vault maps discovered:
D:1:      moated_graveyard_arrival, layout_basic

Action                   || total
-------------------------++-------
Melee: Whip              ||    10
 Cast: Sting             ||     8
Armor: Robe              ||     6
Dodge: Dodged            ||    25
